AoeStats
← mricardo96

Arabian Desert

508725241Analyzed
1v1 RM · 10d ago on Sep 23, 2026· 56m 37s· 2 players
Game mode
Random Map
Map size
Tiny (2 player)
Population
200
Speed
Normal
Resources
Standard
Victory
Conquest
Starting age
Dark Age
Ending age
Imperial Age
RankedLock teamsTeams togetherTeam positionsShared explorationLock speedFull tech treeHidden civsTurbo modeCheats
Victory
Defeat
🇪🇬 Saracens · Egypt
811
+15
🇳🇱 Dravidians · Netherlands
783
-15
mricardo96
12:54 Feudal Age
13:12 Loom
13:21 Double-Bit Axe
16:01 Gold Mining
21:25 Wheelbarrow
24:35 Castle Age
23:06 Forging
24:25 Fletching
24:36 Padded Archer Armor
25:53 Bow Saw
28:21 Elite Skirmisher
30:37 Gambesons
31:03 Squires
32:35 Hand Cart
32:06 Town Watch
35:52 Town Patrol
35:45 Horse Collar
38:56 Thumb Ring
40:01 Bodkin Arrow
40:22 Leather Archer Armor
40:44 Iron Casting
43:28 Pikeman
53:00 Medical Corps
53:06 Medical Corps
53:37 Scale Barding Armor
opsek95
10:17 Feudal Age
10:43 Double-Bit Axe
10:40 Horse Collar
15:40 Loom
18:10 Castle Age
18:37 Bloodlines
18:48 Forging
18:45 Fletching
19:13 Bow Saw
21:20 Elite Skirmisher
23:10 Wheelbarrow
24:29 Scale Barding Armor
24:27 Padded Archer Armor
25:51 Bodkin Arrow
26:32 Iron Casting
25:58 Scale Mail Armor
31:07 Squires
30:32 Pikeman
32:00 Hand Cart
32:29 Husbandry
31:50 Light Cavalry
33:00 Thumb Ring
37:07 Imperial Age
37:18 Imperial Age
35:11 Chain Barding Armor
35:07 Leather Archer Armor
35:08 Chain Mail Armor
37:20 Gold Mining
37:25 Stone Mining
39:01 Two-Man Saw
39:32 Conscription
40:17 Blast Furnace
39:47 Plate Mail Armor
39:52 Plate Barding Armor
38:39 Elite Mameluke
39:45 Town Watch
41:21 Gold Shaft Mining
40:28 Onager
41:20 Heavy Camel Rider
42:49 Siege Onager
44:22 Bracer
46:00 Siege Engineers
46:57 Chemistry
46:17 Ballistics
47:30 Ring Archer Armor
48:19 Hussar
52:14 Block Printing
52:52 Illumination
55:17 Bimaristan
Connection lost

Rejoining the realm…

Still unreachable

The connection could not be restored.

Session expired

The server has moved on; the page needs a fresh start.